 Dungeon Crawl Stone Soup version 0.31-a0-161-gb58dd9be76 (webtiles) character file.

Game seed: 12234520892912466995

23 Serulin the Shield-Bearer (level 2, 19/19 HPs)
             Began as a Gargoyle Fighter on June 13, 2023.
             Was a High Priest of Ignis.
             Quit the game on level 1 of the Dungeon.
             The game lasted 00:01:43 (464 turns).

Serulin the Shield-Bearer (Gargoyle Fighter)         Turns: 464, Time: 00:01:43

Health: 19/19      AC: 10    Str: 19    XL:     2   Next: 95%
Magic:  2/2        EV:  9    Int:  8    God:    Ignis [*****.]
Gold:   48         SH:  4    Dex:  9    Spells: 1/1 levels left

rFire   + . .        k - +1 short sword (venom)
rCold   . . .        c - +0 buckler
rNeg    + . .        b - +0 scale mail
rPois   ∞            f - +0 helmet
rElec   +            (no cloak)
rCorr   .            (no gloves)
SInv    .            (no boots)
Will    .....        (no amulet) Stlth
                     (no ring)
HPRegen 0.23/turn    (no ring)
MPRegen 0.08/turn

%: no passive effects
@: no status effects
A: sickness immunity, AC +2, negative energy resistance 1, electricity
resistance, torment resistance 1, petrification resistance
a: Renounce Religion, Fiery Armour, Foxfire Swarm, Rising Flame


You were on level 1 of the Dungeon.
You worshipped Ignis.
Ignis was extremely pleased with you.
You visited 1 branch of the dungeon, and saw 1 of its levels.

You collected 48 gold pieces.

Inventory:

Hand Weapons
 a - a +0 flail
 k - a +1 short sword of venom (weapon)
Armour
 b - a +0 scale mail (worn)
 c - a +0 buckler (worn)
 f - a +0 helmet (worn)
Jewellery
 e - a +6 ring of intelligence
 i - an amulet of guardian spirit
Scrolls
 g - a scroll of revelation {unknown}
 h - a scroll of identify {unknown}
 j - a scroll of poison {unknown}
Potions
 d - 2 potions of might


   Skills:
 + Level 3.6 Fighting
 - Level 2.3 Maces & Flails
 + Level 3.6 Armour
 + Level 3.6 Shields


You had one spell level left.
You didn't know any spells.
Your spell library was empty.

Dungeon Overview and Level Annotations

Branches:
Dungeon (1/15)

Altars:
Ignis


Innate Abilities, Weirdness & Mutations

You are immune to sickness and miasma.
Your stone body is resilient. (AC +2)
You are immune to poison.
You resist negative energy. (rN+)
You are resistant to electric shocks. (rElec)
You are resistant to unholy torment.
You are immune to petrification.


Message History

You sock the kobold!
You kill the kobold!
No target in view!
Things that are here:
a +1 short sword of venom; 5 stones
k - a +1 short sword of venom Your +1 short sword of venom begins to drip with poison!
k - a +1 short sword of venom (weapon)
Unknown command.
You open the door.
There is an open door here.
A dart slug comes into view.
You hit the dart slug.
The dart slug is poisoned.
The dart slug is lightly wounded.
You hit the dart slug.
The dart slug looks as sick as possible!
The dart slug is severely wounded.
You kill the dart slug!
No target in view!
You see here a dart slug corpse.
A dart slug comes into view.
The dart slug launches a dart at you.
The slug dart hits you but does no damage.
The dart slug launches a dart at you.
The slug dart hits you but does no damage.
You hit the dart slug but do no damage.
The dart slug is poisoned.
The dart slug bites you.
You hit the dart slug.
The dart slug looks as sick as possible!
The dart slug is heavily wounded.
You kill the dart slug!
No target in view!
Found a faded altar of an unknown god.
There is an empty arch of ancient stone here.
Found a leather armour.
There is a faded altar of an unknown god here.
This altar belongs to (a) Jiyva, (b) Ignis or (c) Hepliaklqana, but you can't tell which.
Press the corresponding letter to learn more about a god, or press enter to convert or escape to cancel.
Ignis accepts your prayer! Ignis welcomes you!
Are you sure you want to abandon this character and quit the game? (Confirm with "yes".)

.#.......#####.### #........#..
.......######.#.######........#.÷
.##......## # .###...........+..
.########..... #.#####........#..
.....# ##.##.###.#####........#.#
.....## .# #................#.#
......##......##.##.............#
......##......#∩.∩#..............
......+.......##@##...#..........
......#.......#∩_∩#...##...†.....
......#......[##.##...##....#....
......#.......#∩.∩#...##.......##
#.)...........##.##............##
......... #.......#.........
#........ #.......+...#.....
.>......# #.......#...#...##
.###.##.# #.......#...##..##


There were no monsters in sight!

Vanquished Creatures
  2 dart slugs (D:1)
  An endoplasm (D:1)
  A hobgoblin (D:1)
  4 jackals (D:1)
  5 kobolds (D:1)
  2 bats (D:1)
  A goblin (D:1)
  3 rats (D:1)
19 creatures vanquished.

Notes
Turn   | Place    | Note
-------+----------+-------------------------------------------
     0 | D:1      | Serulin the Gargoyle Fighter began the quest for the Orb.
     0 | D:1      | Reached XP level 1. HP: 14/14 MP: 1/1
   167 | D:1      | Reached XP level 2. HP: 18/19 MP: 2/2
   445 | D:1      | Found a faded altar of an unknown god.
   462 | D:1      | Prayed at the altar of an unknown god.
   462 | D:1      | Became a worshipper of Ignis, the Dying Flame
   464 | D:1      | Quit the game

Illustrated notes

Levels and vault maps discovered:
D:1:      spicycebolla_green_bress_n_ham_2, layout_basic,
          ebering_ecumenical_altar_hall

Action                     || total
---------------------------++-------
  Melee: Flail             ||    45
         Short sword       ||     4
 Armour: Scale mail        ||    34
  Dodge: Dodged            ||    18
  Block: Buckler           ||     2

Table legend: (Time is in decaauts)
 A = Elapsed time spent in this place.
 B = Non-inter-level travel time spent in this place.
 C = Inter-level travel time spent in this place.
 D = Time resting spent in this place.
 E = Time spent auto-exploring this place.
 F = Levels seen in this place.
 G = Mean time per level.
                   A        B        C        D        E       F      G
               +--------+--------+--------+--------+--------+-----+--------+
         Total |    478 |    478 |      0 |      0 |    332 |   1 |  478.0 |
       Dungeon |    478 |    478 |      0 |      0 |    332 |   1 |  478.0 |
               +--------+--------+--------+--------+--------+-----+--------+

Top non-repeatable levels by time:
     D:1: 478 daAuts
